 Dungeon Crawl Stone Soup version 0.28-a0-1412-gf95308ed99 (webtiles) character file.

Game seed: 11965699652880224714

2366 Hasart the Slicer (level 9, -5/45 HPs)
             Began as a Kobold Enchanter on Jan 7, 2022.
             Slain by a very large slime creature (40 damage)
             ... on level 7 of the Dungeon.
             The game lasted 00:25:43 (8697 turns).

Hasart the Slicer (Kobold Enchanter)                Turns: 8697, Time: 00:25:44

Health: -5/45      AC:  4    Str:  5    XL:     9   Next: 72%
Magic:  20/25      EV: 18    Int: 21    God:
Gold:   246        SH:  5    Dex: 21    Spells: 9/17 levels left

rFire   . . .      SeeInvis .   p - +1 short sword (venom)
rCold   . . .      Faith    .   i - orb {guile}
rNeg    . . .      Spirit   .   b - +0 robe
rPois   .          Reflect  +   (no helmet)
rElec   .          Harm     .   (no cloak)
rCorr   .          Rampage  .   k - +0 pair of gloves
Will    .....                   A - +0 pair of boots
Stlth   +++++.....              u - amulet of reflection
HPRegen 0.15/turn               j - ring of magical power
MPRegen 0.19/turn               z - +6 ring of dexterity

@: no status effects
A: small, no large weapons, nightstalker 3
a: no special abilities


You were on level 7 of the Dungeon.
You visited 1 branch of the dungeon, and saw 7 of its levels.
You also visited: Sewer.

You collected 246 gold pieces.

Inventory:

Hand Weapons
 a - a +1 dagger
 g - a +2 vorpal hand axe
 p - a +1 short sword of venom (weapon)
 D - a +0 whip of electrocution
 G - a +2 falchion of electrocution
Armour
 b - a +0 robe (worn)
 i - an orb of guile (worn)
 k - a +0 pair of gloves (worn)
 A - a +0 pair of boots (worn)
Jewellery
 j - a ring of magical power (left hand)
 t - a ring of positive energy
 u - an amulet of reflection (around neck)
 z - a +6 ring of dexterity (right hand)
Scrolls
 e - 3 scrolls of teleportation {unknown}
 f - 7 scrolls of identify {unknown}
 o - a scroll of enchant armour {unknown}
 q - a scroll of fog {unknown}
 w - 2 scrolls of magic mapping {unknown}
 y - a scroll of acquirement {unknown}
 E - a scroll of blinking {unknown}
 F - a scroll of amnesia {unknown}
Potions
 c - 2 potions of invisibility
 d - 2 potions of berserk rage {unknown}
 h - a potion of haste {unknown}
 l - a potion of magic {unknown}
 m - 2 potions of heal wounds {unknown}
 n - a potion of cancellation {unknown}
 r - a potion of might {unknown}
 s - 2 potions of ambrosia {unknown}
 v - a potion of curing {unknown}
 x - 2 potions of attraction {unknown}
 B - a potion of mutation {unknown}
 C - a potion of brilliance {unknown}


   Skills:
 * Level 8.2 Short Blades
 + Level 5.6 Dodging
 + Level 7.4 Stealth
 + Level 4.9 Spellcasting
 * Level 7.0 Hexes
 + Level 3.8 Ice Magic


You had 9 spell levels left.
You knew the following spells:

 Your Spells              Type           Power      Damage    Failure   Level
a - Ensorcelled Hibernat  Hex/Ice        56%        N/A       1%          2
b - Confusing Touch       Hex            34%        N/A       1%          3
c - Tukima's Dance        Hex            34%        N/A       1%          3

Your spell library contained the following spells:

 Spells                   Type           Power      Damage    Failure   Level
 Cause Fear               Hex            17%        N/A       6%          4
 Dazzling Flash           Conj/Hex       38%        N/A       8%          3
 Inner Flame              Hex/Fire       19%        N/A       8%          3
 Blink                    Tloc           10%        N/A       17%         2
 Lesser Beckoning         Tloc           5%         N/A       32%         3
 Manifold Assault         Tloc           5%         N/A       97%         5
 Discord                  Hex            17%        N/A       100%        8


Dungeon Overview and Level Annotations

Branches:
Dungeon (7/15)             Temple (0/1) D:4           Sewer (visited)

Altars:
Zin

Shops:
D:1 ?   D:4 [


Innate Abilities, Weirdness & Mutations

You are small and have problems with some larger weapons.
You are completely attuned to the shadows.


Message History

You catch the helpless jelly completely off-guard!
You impale the jelly!!
You kill the jelly!
A slime creature is nearby!
Casting: Ensorcelled Hibernation (safe; 1% risk of failure)
Confirm with . or Enter, or press ? or * to list all spells.
Aiming: Ensorcelled Hibernation (safe; 1% risk of failure)
Press: ? - help, Shift-Dir - straight line, f - slime creature
Aim: a slime creature (wandering, hasn't noticed you, chance to affect: 75%)
The slime creature quivers.
The slime creature resists with some effort.
The slime creature quivers.
Two slime creatures merge to form a large slime creature.
Casting: Ensorcelled Hibernation (safe; 1% risk of failure)
Confirm with . or Enter, or press ? or * to list all spells.
Aiming: Ensorcelled Hibernation (safe; 1% risk of failure)
Press: ? - help, Shift-Dir - straight line, f/p - large slime creature
Aim: a large slime creature (chance to affect: 75%)
Okay, then.
Two slime creatures merge to form a very large slime creature.
Casting: Ensorcelled Hibernation (safe; 1% risk of failure)
Confirm with . or Enter, or press ? or * to list all spells.
Aiming: Ensorcelled Hibernation (safe; 1% risk of failure)
Press: ? - help, Shift-Dir - straight line, f - very large slime creature
Aim: a very large slime creature (chance to affect: 75%)
The very large slime creature looks drowsy...
The helpless very large slime creature fails to defend itself.
You stick the very large slime creature like a pincushion!!!
The very large slime creature looks as sick as possible!
The very large slime creature is moderately wounded.
Casting: Ensorcelled Hibernation (safe; 1% risk of failure)
Confirm with . or Enter, or press ? or * to list all spells.
Your hands begin to glow red.
You block the very large slime creature's attack.
You hit the very large slime creature but do no damage.
The very large slime creature appears confused.
The very large slime creature is moderately wounded.
The very large slime creature hits you!!!
Ouch! That really hurt!
You die...

..# #.###....# #####
#.##.....# ....###
#...#.## ......# #......#
......# #......#####
......# ..#..........#
......# #.#...#..###.#
......####.#..[#J.# #.#
........##.#...#@.###.#
......#.##..#.........###
......#.......##........#
###########.#...........#
#..###....))..# ##.#
#........# .. #.....≈..#
#........# #........#


You could see a very large slime creature (confused, extremely poisoned).

Vanquished Creatures
  Eustachio (D:4)
  A wyvern (D:5)
  2 sky beasts
  A black bear (D:5)
  An ogre (D:6)
  4 necrophages
  A phantom (D:5)
  A gnoll sergeant (D:7)
  A water moccasin zombie (D:5)
  A wyvern skeleton (D:5)
  4 killer bees (D:7)
  5 wights (D:5)
  3 hounds (D:5)
  2 jellies (D:7)
  2 centaur skeletons
  A gnoll shaman (D:6)
  An iguana (D:6)
  2 orc wizards
  A killer bee zombie (D:6)
  2 hound skeletons (D:4)
  A howler monkey zombie (D:5)
  9 gnolls
  16 adders
  A river rat (Sewer)
  A shadow imp (D:7)
  3 white imps
  2 ufetubi (D:4)
  2 worms
  2 dart slugs
  10 orcs
  4 endoplasms
  7 giant cockroaches
  5 goblins
  6 hobgoblins
  3 jackals (D:1)
  15 kobolds
  7 quokkas
  10 ball pythons
  8 bats
  2 frilled lizards
  7 rats
158 creatures vanquished.

Vanquished Creatures (collateral kills)
  A gnoll (D:7)
1 creature vanquished.

Grand Total: 159 creatures vanquished

Notes
Turn   | Place    | Note
-------+----------+-------------------------------------------
     0 | D:1      | Hasart the Kobold Enchanter began the quest for the Orb.
     0 | D:1      | Reached XP level 1. HP: 10/10 MP: 3/3
   163 | D:1      | Reached XP level 2. HP: 10/15 MP: 5/5
   167 | D:1      | Learned a level 2 spell: Ensorcelled Hibernation
   326 | D:1      | Reached skill level 2 in Short Blades
   341 | D:1      | Reached XP level 3. HP: 16/19 MP: 6/6
   623 | D:1      | Found Eplyta's Magic Scroll Boutique.
  1622 | D:2      | Learned a level 3 spell: Confusing Touch
  1846 | D:2      | Reached XP level 4. HP: 24/24 MP: 7/7
  2221 | D:2      | Reached skill level 3 in Short Blades
  2494 | D:2      | Found a faded altar of an unknown god.
  2695 | D:3      | Reached XP level 5. HP: 16/28 MP: 9/9
  3117 | D:3      | Found a glowing drain.
  3124 | Sewer    | Entered a sewer
  3345 | Sewer    | Reached XP level 6. HP: 30/32 MP: 10/10
  3387 | Sewer    | Reached skill level 5 in Stealth
  4195 | D:3      | Reached skill level 4 in Short Blades
  4195 | D:3      | Reached skill level 1 in Ice Magic
  4782 | D:4      | Noticed Eustachio
  4794 | D:4      | Killed Eustachio
  4795 | D:4      | Reached XP level 7. HP: 35/36 MP: 7/11
  4973 | D:4      | Found a staircase to the Ecumenical Temple.
  5365 | D:4      | Found a glowing silver altar of Zin.
  5562 | D:4      | Found Yfunkut's Armour Shop.
  5756 | D:5      | Entered Level 5 of the Dungeon
  5760 | D:5      | Noticed a wyvern
  5762 | D:5      | Killed a wyvern
  5763 | D:5      | Reached skill level 5 in Short Blades
  5763 | D:5      | Reached skill level 5 in Hexes
  5852 | D:5      | Reached XP level 8. HP: 36/41 MP: 13/13
  6086 | D:5      | Reached skill level 6 in Short Blades
  7154 | D:6      | Reached XP level 9. HP: 45/45 MP: 15/15
  7201 | D:6      | Reached skill level 7 in Short Blades
  7289 | D:6      | Reached skill level 5 in Dodging
  8020 | D:6      | Learned a level 3 spell: Tukima's Dance
  8408 | D:7      | Noticed a slime creature
  8418 | D:7      | Reached skill level 8 in Short Blades
  8427 | D:7      | Noticed a slime creature
  8427 | D:7      | Noticed a slime creature
  8697 | D:7      | Slain by a very large slime creature

Illustrated notes

Levels and vault maps discovered:
D:1:      sevenhm_arrival_forest_fort_large_4, layout_basic, serial_shops, shop
D:2:      layout_rooms, dreamdust_ecumenical_altar_hidden_monk_grotto,
          kennysheep_generic_room_4
D:3:      layout_basic, cheibrodos_sewer_entry_sluice, grunt_ministairs_3
D:4:      layout_basic, zin_treasury, minmay_temple_entry_enclosed_plants,
          serial_shops, shop, uniq_eustachio
D:5:      layout_basic
D:6:      layout_basic
D:7:      layout_basic

Skill      XL: |  1  2  3  4  5  6  7  8  9 |
---------------+----------------------------+-----
Short Blades   | 2 3 4 5 6 8 |  8.2
Dodging        | 3 4 5 |  5.6
Hexes          | 4 5 6 7 |  7.0
Spellcasting   | 3 4 |  4.9
Stealth        | 5 6 7 |  7.4
Ice Magic      | 1 2 3 |  3.8

Action                   |  1- 3 |  4- 6 |  7- 9 || total
-------------------------+-------+-------+-------++-------
Melee: Dagger            |   105 |   139 |       ||   244
       Punch             |     1 |       |       ||     1
       Short sword       |       |    26 |   218 ||   244
 Cast: Ensorcelled Hiber |     1 |    25 |    39 ||    65
       Confusing Touch   |       |     1 |    13 ||    14
       Tukima's Dance    |       |       |     1 ||     1
 Stab: Sleeping          |    17 |    38 |    43 ||    98
       Confused          |       |     1 |    15 ||    16
       Distracted        |       |       |     2 ||     2
Armor: Robe              |     5 |    30 |    22 ||    57
Dodge: Dodged            |    53 |   114 |   113 ||   280
Block: Orb               |       |       |    41 ||    41

Table legend: (Time is in decaauts)
 A = Elapsed time spent in this place.
 B = Non-inter-level travel time spent in this place.
 C = Inter-level travel time spent in this place.
 D = Time resting spent in this place.
 E = Time spent auto-exploring this place.
 F = Levels seen in this place.
 G = Mean time per level.
                   A        B        C        D        E       F      G
               +--------+--------+--------+--------+--------+-----+--------+
         Total |   8681 |   8469 |    212 |    466 |   6549 |   8 | 1085.1 |
       Dungeon |   7846 |   7634 |    212 |    466 |   5872 |   7 | 1120.9 |
         Sewer |    835 |    835 |      0 |      0 |    677 |   1 |  835.0 |
               +--------+--------+--------+--------+--------+-----+--------+

Top non-repeatable levels by time:
     D:1: 1591 daAuts
     D:3: 1337 daAuts
     D:5: 1299 daAuts
     D:6: 1112 daAuts
     D:2: 1042 daAuts
     D:4: 977 daAuts
   Sewer: 835 daAuts
     D:7: 485 daAuts
